AoeStats
← Challwaq

Arabian Desert

509990490Analyzed
1v1 RM · 3d ago on Sep 28, 2026· 60m 59s· 2 players
Game mode
Random Map
Map size
Tiny (2 player)
Population
200
Speed
Normal
Resources
Standard
Victory
Conquest
Starting age
Dark Age
Ending age
Imperial Age
RankedLock teamsTeams togetherTeam positionsShared explorationLock speedFull tech treeHidden civsTurbo modeCheats
Victory
Defeat
🇺🇸 Teutons · United States
853
+15
🇦🇷 Franks · Argentina
829
-15
Challwaq
3:17 Loom
12:26 Feudal Age
12:55 Double-Bit Axe
27:55 Castle Age
26:48 Scale Barding Armor
26:44 Gold Mining
28:25 Pikeman
30:44 Stone Mining
32:03 Husbandry
33:11 Squires
32:57 Arson
33:37 Light Cavalry
34:47 Bow Saw
43:10 Murder Holes
43:27 Masonry
44:01 Fletching
54:51 Wheelbarrow
56:46 Hand Cart
57:32 Town Watch
58:49 Forging
61:19 Iron Casting
ClunyTheScourge
6:50 Loom
12:03 Feudal Age
14:17 Forging
14:13 Scale Barding Armor
27:14 Castle Age
25:59 Horse Collar
26:08 Double-Bit Axe
26:31 Fletching
26:42 Padded Archer Armor
26:51 Town Watch
27:55 Scale Mail Armor
31:26 Pikeman
34:56 Sanctity
34:54 Squires
36:19 Iron Casting
38:08 Chain Mail Armor
37:49 Bodkin Arrow
38:09 Leather Archer Armor
37:24 Elite Skirmisher
42:46 Bow Saw
48:51 Stone Mining
48:52 Gold Mining
51:37 Imperial Age
49:10 Man-at-Arms
50:27 Long Swordsman
50:53 Gambesons
51:06 Arson
52:02 Ballistics
52:11 Two-Handed Swordsman
55:01 Plate Mail Armor
54:55 Champion
58:25 Blast Furnace
58:03 Heavy Plow
59:16 Stone Shaft Mining
61:15 Wheelbarrow
60:41 Town Patrol
Connection lost

Rejoining the realm…

Still unreachable

The connection could not be restored.

Session expired

The server has moved on; the page needs a fresh start.